 Dungeon Crawl Stone Soup version 0.19-a0-1193-g2641e52 (webtiles) character file.

4 inmateoo the Vexing (level 1, -6/12 HPs)
             Began as a Gargoyle Arcane Marksman on Aug 19, 2016.
             Mangled by a gnoll
             ... wielding a +0 halberd
              (13 damage)
             ... on level 1 of the Dungeon.
             The game lasted 00:00:36 (231 turns).

inmateoo the Vexing (Gargoyle Arcane Marksman)       Turns: 231, Time: 00:00:38

Health: -6/12      AC: 10    Str: 14    XL:     1   Next: 70%
Magic:  2/2        EV:  6    Int: 13    God:
Gold:   14         SH:  0    Dex:  9    Spells: 1 memorised, 1 level left

rFire  . . .     SeeInvis .       - Unarmed
rCold  . . .     Gourm    .     h - +0 chain mail
rNeg   + . .     Faith    .     (no shield)
rPois  ∞         Spirit   .     (no helmet)
rElec  +         Dismiss  .     (no cloak)
rCorr  .         Reflect  .     (no gloves)
MR     .....     Harm     .     (no boots)
Stlth  ..........               (no amulet)
                                (no ring)
                                (no ring)

@: no status effects
A: negative energy resistance 1, electricity resistance, unbreathing,
petrification resistance, rot immunity, AC +2
a: no special abilities


You were on level 1 of the Dungeon.
You were not hungry.

You visited 1 branch of the dungeon, and saw 1 of its levels.

You collected 14 gold pieces.

Inventory:

Missiles
 c - 5 javelins (quivered)
 d - 2 throwing nets
Armour
 h - a +0 chain mail (worn)
 l - a +0 shield
Jewellery
 m - a +3 amulet of reflection {unknown}
Scrolls
 e - a scroll of identify {unknown}
 j - a scroll of fog {unknown}
 k - a scroll of enchant weapon {unknown}
Potions
 a - a potion of curing {unknown}
 g - a potion of degeneration {unknown}
 i - a potion of brilliance {unknown}
Books
 b - a book of Debilitation

   Spells                             Type                      Level
   a - Corona                         Hexes                        1
   b - Slow                           Hexes                        2
   c - Gell's Gravitas                Hexes/Translocation          3
   d - Inner Flame                    Hexes/Fire                   3
   e - Cause Fear                     Hexes                        4
   f - Leda's Liquefaction            Hexes/Earth                  4
Comestibles
 f - 2 bread rations


   Skills:
 - Level 1.1 Fighting
 - Level 1.7 Throwing
 - Level 1.5 Dodging
 + Level 1.2 Unarmed Combat
 - Level 1.0 Spellcasting
 - Level 2.6 Hexes


You had one spell level left.
You knew the following spells:

 Your Spells              Type           Power        Failure   Level  Hunger
a - Corona                Hex            #......      100%        1    ##.....


Dungeon Overview and Level Annotations

Branches:
Dungeon (1/15)

Altars:


Innate Abilities, Weirdness & Mutations

You are resistant to torment.
Your stone body is resilient. (AC +2)
You are immune to poison.
You resist negative energy. (rN+)
You are resistant to electric shocks. (rElec)
You can survive without breathing.
You are immune to petrification.
You are immune to rotting.


Message History

The goblin hits you but does no damage.
You hit the goblin.
You kill the goblin!
No target in view!
You see here a shield.
l - a shield
m - a thick pearl amulet A gnoll comes into view.
It is wielding a halberd.
The gnoll shouts!
A gnoll is nearby!
The gnoll hits you but does no damage.
You barely miss the gnoll. The gnoll closely misses you.
You hit the gnoll.
The gnoll is moderately wounded.
The gnoll hits you with a halberd.
You hit the gnoll.
The gnoll is moderately wounded.
The gnoll hits you with a halberd!
Ouch! That really hurt!
You die...

###.........
.........#..............
.............###........
.............# #........
.............# #........
...........# ##......>
.........####....... ##..g.#
#........... #..@# #.#.#.......
#..## ......##.### # #..##
#.#...###.### #.### ##..##.
#.#.#........ .....#
###..###.##...#.....>.. #..#..##
##....# #.....##...(....
#.....###..##.####....#.[.......
..........................)......
#####..#.#.###.#..#....#.........


You could see a gnoll.

Vanquished Creatures
  A dart slug (D:1)
  A goblin (D:1)
  A kobold (D:1)
3 creatures vanquished.

Notes
Turn   | Place    | Note
-------+----------+-------------------------------------------
     0 | D:1      | inmateoo the Gargoyle Arcane Marksman began the quest for the Orb.
     0 | D:1      | Reached XP level 1. HP: 12/12 MP: 2/2
   118 | D:1      | Reached skill level 1 in Unarmed Combat
   231 | D:1      | Mangled by a gnoll

Vault maps used:
D:1:      lemuel_arrival_behind_the_door_small, minmay_misc_feat_tower

Skill      XL: |  1 |
---------------+----+-----
Unarmed Combat | 1 |  1.2
Fighting       | |  1.1
Throwing       | |  1.7
Dodging        | |  1.5
Spellcasting   | |  1.0
Hexes          | |  2.6

Action                   || total
-------------------------++-------
Melee: Unarmed           ||    17
Armor: Chain mail        ||     5
Dodge: Dodged            ||     6
